AoeStats
← Fänncy

Black Forest

509964994Analyzed
4v4 RM · 4d ago on Sep 28, 2026· 46m 52s· 8 players
Game mode
Random Map
Map size
Large (8 player)
Population
200
Speed
Normal
Resources
Standard
Victory
Conquest
Starting age
Dark Age
Ending age
Imperial Age
RankedLock teamsTeams togetherTeam positionsShared explorationLock speedFull tech treeHidden civsTurbo modeCheats
Victory
Defeat
🇦🇷 Turks · Argentina
1058
+15
🇦🇷 Mongols · Argentina
1049
+15
🇦🇷 Vietnamese · Argentina
1007
+17
🇦🇷 Franks · Argentina
957
+20
🇬🇧 Britons · United Kingdom
1046
-17
🇩🇪 Danes · Germany
1038
-26
🇨🇴 Poles · Colombia
1037
-17
🇺🇸 Burgundians · United States
1016
-16
SexyRedd
6:14 Loom
12:10 Feudal Age
12:53 Double-Bit Axe
14:14 Horse Collar
16:35 Castle Age
15:44 Wheelbarrow
25:10 Husbandry
27:58 Heavy Plow
28:11 Bow Saw
32:01 Imperial Age
30:07 Forging
30:03 Scale Barding Armor
29:44 Cavalier
33:06 Iron Casting
32:52 Chain Barding Armor
32:25 Paladin
35:29 Blast Furnace
37:15 Plate Barding Armor
42:00 Caravan
43:54 Fletching
44:04 Padded Archer Armor
43:32 Light Cavalry
44:15 Elite Skirmisher
45:24 Ballistics
46:04 Chemistry
44:43 Hussar
46:02 Pikeman
46:43 Squires
46:28 Arson
46:46 Bodkin Arrow
47:07 Leather Archer Armor
kavobi
11:21 Feudal Age
14:03 Double-Bit Axe
17:48 Castle Age
16:09 Horse Collar
19:52 Caravan
20:12 Bow Saw
20:05 Heavy Plow
21:15 Loom
29:45 Imperial Age
27:38 Bloodlines
26:52 Light Cavalry
28:15 Husbandry
29:20 Wheelbarrow
29:02 Forging
28:58 Scale Barding Armor
29:52 Winged Hussar
30:57 Conscription
31:06 Gold Mining
31:09 Stone Mining
33:25 Iron Casting
33:13 Chain Barding Armor
33:50 Hand Cart
33:23 Town Watch
34:53 Lechitic Legacy
35:45 Blast Furnace
34:54 Town Patrol
35:32 Stone Shaft Mining
36:10 Fletching
38:01 Chemistry
SGSCavalry80
1:05 Loom
10:57 Feudal Age
11:48 Double-Bit Axe
15:52 Horse Collar
17:19 Wheelbarrow
17:24 Scale Mail Armor
19:46 Castle Age
21:22 Stone Mining
21:23 Gold Mining
22:35 Pikeman
23:48 Heavy Plow
24:38 Forging
27:45 Squires
32:59 Imperial Age
30:19 Town Watch
30:32 Fletching
33:02 Caravan
33:20 Bodkin Arrow
34:20 Conscription
35:15 Hand Cart
35:51 Yeomen
40:39 Chain Mail Armor
40:25 Bracer
40:26 Padded Archer Armor
41:01 Iron Casting
42:56 Ballistics
43:37 Chemistry
42:49 Masonry
42:20 Treadmill Crane
42:51 Fortified Wall
45:16 Warwolf
46:41 Architecture
45:50 Halberdier
Fänncy
2:11 Loom
12:36 Feudal Age
13:08 Double-Bit Axe
13:08 Horse Collar
19:42 Castle Age
17:39 Stone Mining
17:43 Gold Mining
20:50 Heavy Plow
21:04 Bow Saw
21:34 Stone Shaft Mining
21:38 Gold Shaft Mining
27:06 Squires
29:55 Wheelbarrow
29:57 Arson
30:09 Town Watch
31:15 Scale Mail Armor
31:26 Forging
32:30 Hand Cart
35:58 Imperial Age
34:57 Chain Mail Armor
35:18 Iron Casting
36:22 Elite Jomsviking
38:01 Plate Mail Armor
38:24 Conscription
40:49 Blast Furnace
41:24 Fletching
41:35 Padded Archer Armor
43:08 Bloodlines
42:59 Husbandry
42:56 Bodkin Arrow
42:33 Cranequins
44:15 Bracer
45:06 Thumb Ring
45:47 Ballistics
46:28 Chemistry
45:45 Heavy Mounted Crossbowman
ElJefe
0:39 Loom
14:39 Feudal Age
17:57 Forging
18:41 Scale Barding Armor
26:01 Castle Age
26:23 Gold Mining
26:22 Double-Bit Axe
28:52 Gold Shaft Mining
28:11 Stone Mining
28:37 Bow Saw
30:57 Wheelbarrow
30:17 Town Watch
33:33 Imperial Age
31:53 Husbandry
33:46 Chain Barding Armor
34:03 Iron Casting
34:28 Cavalier
35:47 Plate Barding Armor
36:02 Hand Cart
38:42 Chivalry
39:03 Conscription
41:31 Paladin
INSANE-
2:08 Loom
2:35 Loom
12:49 Feudal Age
16:47 Castle Age
15:17 Gold Mining
15:34 Double-Bit Axe
15:57 Horse Collar
18:01 Wheelbarrow
17:48 Bow Saw
25:24 Imperial Age
24:00 Heavy Plow
27:54 Padded Archer Armor
34:15 Scale Barding Armor
36:10 Bloodlines
36:03 Husbandry
35:30 Heavy Camel Rider
36:47 Stone Mining
38:30 Hand Cart
39:37 Forging
46:20 Leather Archer Armor
46:26 Chain Barding Armor
loto95
7:50 Loom
11:33 Feudal Age
13:29 Double-Bit Axe
13:41 Gold Mining
17:11 Castle Age
17:57 Wheelbarrow
18:02 Bow Saw
18:25 Stone Mining
26:56 Fletching
27:06 Padded Archer Armor
27:30 Hand Cart
27:03 Town Watch
31:50 Imperial Age
30:37 Bodkin Arrow
30:57 Leather Archer Armor
31:53 Forging
31:49 Scale Barding Armor
32:19 Bloodlines
32:09 Husbandry
32:51 Bracer
33:07 Light Cavalry
33:22 Elite Mangudai
35:15 Chemistry
34:31 Scale Barding Armor
35:01 Iron Casting
36:42 Chain Barding Armor
35:59 Hussar
39:06 Blast Furnace
38:39 Ballistics
Emperador Siziña
0:37 Loom
11:59 Feudal Age
12:27 Double-Bit Axe
18:46 Castle Age
17:43 Stone Mining
19:55 Wheelbarrow
26:11 Bow Saw
26:21 Gold Mining
29:16 Hand Cart
29:05 Horse Collar
33:25 Imperial Age
30:44 Town Watch
32:16 Stone Shaft Mining
31:14 Pikeman
31:55 Squires
32:45 Ballistics
33:35 Chatras
34:18 Bloodlines
34:08 Husbandry
34:21 Forging
34:17 Scale Barding Armor
35:19 Chemistry
35:42 Two-Man Saw
34:50 Heavy Plow
36:18 Chain Barding Armor
36:33 Iron Casting
35:50 Fletching
38:55 Pikeman
39:37 Squires
39:33 Bodkin Arrow
40:14 Plate Barding Armor
40:32 Elite Skirmisher
41:30 Imperial Skirmisher
42:31 Halberdier
45:36 Elite Battle Elephant
Connection lost

Rejoining the realm…

Still unreachable

The connection could not be restored.

Session expired

The server has moved on; the page needs a fresh start.